[ AOE2 MATCH · #506355302 ]
UnrankedLithuanians vs Italians
Rival team · LOSS
[ REPLAY ANALYSIS · EXTRACTED FROM THE RECORDED GAME ]
Feudal
8:50
Castle
21:10
Imperial
—
| APM avg | 55.3 |
| APM peak | 127 |
| eAPM avg | 23.3 |
| Villagers / military | 78 / 40 |
Focus
⚔️ 32.3% · 🌾 67.7%
Knight ×19 · Militia ×8 · Skirmisher ×6 · Monk ×3 · Mangonel ×3 · Archer ×1
Feudal
8:58
Castle
23:01
Imperial
—
| APM avg | 38.5 |
| APM peak | 54 |
| eAPM avg | 17.4 |
| Villagers / military | 70 / 36 |
Focus
⚔️ 34.3% · 🌾 65.7%
Skirmisher ×20 · Monk ×4 · Archer ×3 · Militia ×3 · Spearman ×3 · Mangonel ×2
Match map
Initial resources + every placement click. Lines = walls · curves = elevation contours. ◆ gold · ⬟ stone · ● berries · ✦ relic · ◌ wall gap
Your base· Open — opponent sealed themselves in
scorpion145's base· ✓ Closed at 23:01 · 31t walls · no gate
Smoothed initial terrain · ◌ = detected wall gap · hover for details
Inputs per minute
— Jayklops - - scorpion145
Build order — Jayklops
First 150 of 212 actions detected
| 0:00 | Queue | Villager (Male) |
| 0:01 | Build | House |
| 0:02 | Build | House |
| 0:11 | Queue | Villager (Male) |
| 0:13 | Queue | Villager (Male) |
| 0:22 | Queue | Villager (Male) |
| 0:33 | Queue | Villager (Male) |
| 0:40 | Queue | Villager (Male) |
| 1:25 | Queue | Villager (Male) |
| 2:00 | Queue | Villager (Male) |
| 2:11 | Build | Lumber Camp |
| 2:45 | Queue | Villager (Male) |
| 3:13 | Queue | Villager (Male) |
| 3:34 | Queue | Villager (Male) |
| 3:34 | Queue | Villager (Male) |
| 3:51 | Queue | Villager (Male) |
| 4:50 | Queue | Villager (Male) |
| 5:35 | Queue | Villager (Male) |
| 5:50 | Build | Barracks |
| 6:06 | Research | Loom |
| 6:40 | Research | Feudal Age |
| 7:15 | Build | Mining Camp |
| 7:19 | Queue | Militia |
| 7:24 | Build | House |
| 7:47 | Queue | Militia |
| 8:09 | Queue | Villager (Male) |
| 8:12 | Queue | Militia |
| 8:36 | Build | Mill |
| 8:50 | Age | Feudal Age |
| 8:54 | Research | Man-at-Arms (upgrade) |
| 9:00 | Build | House |
| 9:07 | Queue | Villager (Male) |
| 9:20 | Build | House |
| 9:28 | Queue | Villager (Male) |
| 9:43 | Queue | Militia |
| 9:46 | Build | Archery Range |
| 9:47 | Queue | Villager (Male) |
| 10:03 | Build | Palisade Wall |
| 10:17 | Queue | Villager (Male) |
| 10:34 | Queue | Villager (Male) |
| 10:38 | Research | Horse Collar |
| 10:40 | Research | Double-Bit Axe |
| 10:44 | Build | Farm |
| 10:45 | Build | Farm |
| 10:58 | Queue | Villager (Male) |
| 11:27 | Queue | Skirmisher |
| 11:38 | Queue | Militia |
| 11:39 | Queue | Villager (Male) |
| 11:42 | Build | Farm |
| 11:44 | Build | Farm |
| 11:47 | Build | Farm |
| 11:56 | Queue | Skirmisher |
| 12:05 | Queue | Archer |
| 12:07 | Queue | Villager (Male) |
| 12:22 | Queue | Skirmisher |
| 12:31 | Build | Farm |
| 12:32 | Build | Farm |
| 12:34 | Queue | Villager (Male) |
| 12:43 | Build | House |
| 12:51 | Queue | Militia |
| 13:05 | Queue | Villager (Male) |
| 13:08 | Build | Farm |
| 13:21 | Queue | Villager (Male) |
| 13:27 | Queue | Skirmisher |
| 13:31 | Build | Farm |
| 13:33 | Build | Farm |
| 13:36 | Build | Farm |
| 13:39 | Build | House |
| 13:40 | Build | House |
| 13:54 | Queue | Villager (Male) |
| 14:12 | Queue | Villager (Male) |
| 14:20 | Queue | Skirmisher |
| 14:21 | Queue | Militia |
| 14:22 | Queue | Villager (Male) |
| 14:44 | Queue | Villager (Male) |
| 14:58 | Queue | Militia |
| 14:59 | Queue | Villager (Male) |
| 15:02 | Build | Blacksmith |
| 15:04 | Build | House |
| 15:05 | Queue | Skirmisher |
| 15:06 | Queue | Villager (Male) |
| 15:25 | Queue | Villager (Male) |
| 15:38 | Build | Farm |
| 15:38 | Build | Farm |
| 15:38 | Build | Farm |
| 15:40 | Build | Farm |
| 15:41 | Build | Farm |
| 15:45 | Research | Horse Collar |
| 15:53 | Queue | Villager (Male) |
| 16:13 | Build | Farm |
| 16:15 | Build | Farm |
| 16:19 | Queue | Villager (Male) |
| 16:25 | Build | Farm |
| 16:46 | Queue | Villager (Male) |
| 16:59 | Research | Fletching |
| 16:59 | Research | Fletching |
| 17:02 | Queue | Villager (Male) |
| 17:09 | Build | House |
| 17:10 | Build | Palisade Wall |
| 17:19 | Build | Market |
| 17:23 | Build | Palisade Wall |
| 17:25 | Queue | Villager (Male) |
| 17:43 | Queue | Villager (Male) |
| 17:47 | Build | House |
| 17:49 | Build | Palisade Wall |
| 17:52 | Build | Palisade Wall |
| 17:59 | Queue | Villager (Male) |
| 18:30 | Research | Castle Age |
| 18:42 | Build | Stable |
| 19:00 | Build | Stable |
| 19:46 | Research | Bloodlines |
| 19:47 | Research | Scale Barding Armor |
| 20:00 | Build | House |
| 20:22 | Research | Forging |
| 21:10 | Age | Castle Age |
| 21:13 | Build | Town Center |
| 21:16 | Build | Siege Workshop |
| 21:17 | Queue | Knight |
| 21:17 | Queue | Knight |
| 21:22 | Queue | Villager (Male) |
| 21:23 | Research | Bow Saw |
| 21:24 | Queue | Villager (Male) |
| 21:26 | Build | Farm |
| 21:37 | Build | Monastery |
| 21:41 | Queue | Villager (Male) |
| 21:50 | Build | Palisade Wall |
| 21:51 | Build | Palisade Wall |
| 21:59 | Build | Palisade Wall |
| 22:11 | Build | Palisade Wall |
| 22:17 | Build | Palisade Wall |
| 22:20 | Build | Palisade Gate |
| 22:20 | Queue | Villager (Male) |
| 22:24 | Queue | Monk |
| 22:25 | Queue | Knight |
| 22:26 | Queue | Knight |
| 22:32 | Build | Outpost |
| 22:32 | Queue | Villager (Male) |
| 22:36 | Build | Farm |
| 22:39 | Queue | Villager (Male) |
| 22:54 | Queue | Villager (Male) |
| 23:17 | Build | House |
| 23:17 | Queue | Villager (Male) |
| 23:19 | Queue | Knight |
| 23:19 | Queue | Knight |
| 23:21 | Build | Siege Workshop |
| 23:30 | Queue | Monk |
| 23:33 | Queue | Villager (Male) |
| 23:54 | Queue | Villager (Male) |
| 24:11 | Queue | Knight |
| 24:12 | Queue | Knight |
Build order — scorpion145
First 150 of 185 actions detected
| 0:00 | Queue | Villager (Male) |
| 0:01 | Queue | Villager (Male) |
| 0:02 | Build | House |
| 0:03 | Build | House |
| 0:12 | Queue | Villager (Male) |
| 0:12 | Queue | Villager (Male) |
| 1:36 | Queue | Villager (Male) |
| 1:58 | Build | Lumber Camp |
| 2:00 | Queue | Villager (Male) |
| 2:29 | Queue | Villager (Male) |
| 2:58 | Queue | Villager (Male) |
| 2:59 | Queue | Villager (Male) |
| 3:21 | Queue | Villager (Male) |
| 3:59 | Queue | Villager (Male) |
| 3:59 | Queue | Villager (Male) |
| 4:31 | Queue | Villager (Male) |
| 5:20 | Build | Barracks |
| 5:30 | Queue | Villager (Male) |
| 5:42 | Queue | Villager (Male) |
| 6:22 | Research | Loom |
| 6:48 | Research | Feudal Age |
| 6:54 | Build | Mill |
| 6:58 | Queue | Militia |
| 7:15 | Build | House |
| 7:26 | Queue | Militia |
| 7:26 | Queue | Militia |
| 8:12 | Build | Palisade Wall |
| 8:19 | Build | Palisade Wall |
| 8:19 | Build | Palisade Wall |
| 8:29 | Queue | Villager (Male) |
| 8:58 | Age | Feudal Age |
| 9:00 | Build | Mining Camp |
| 9:02 | Queue | Villager (Male) |
| 9:20 | Queue | Villager (Male) |
| 9:27 | Queue | Spearman |
| 9:58 | Build | House |
| 10:04 | Queue | Villager (Male) |
| 10:44 | Queue | Villager (Male) |
| 11:07 | Queue | Villager (Male) |
| 11:10 | Build | Archery Range |
| 11:14 | Queue | Spearman |
| 11:22 | Build | Farm |
| 11:25 | Research | Double-Bit Axe |
| 11:42 | Build | Farm |
| 11:49 | Queue | Villager (Male) |
| 12:02 | Queue | Archer |
| 12:02 | Queue | Archer |
| 12:19 | Queue | Villager (Male) |
| 12:23 | Build | Farm |
| 12:27 | Build | House |
| 12:28 | Build | House |
| 12:36 | Queue | Archer |
| 12:49 | Build | House |
| 12:50 | Build | Palisade Wall |
| 12:51 | Build | Palisade Wall |
| 13:01 | Build | Farm |
| 13:02 | Queue | Villager (Male) |
| 13:03 | Build | Farm |
| 13:15 | Queue | Skirmisher |
| 13:30 | Queue | Skirmisher |
| 13:31 | Queue | Villager (Male) |
| 13:37 | Queue | Villager (Male) |
| 13:42 | Build | Blacksmith |
| 14:01 | Queue | Skirmisher |
| 14:23 | Queue | Skirmisher |
| 14:24 | Queue | Villager (Male) |
| 14:24 | Queue | Villager (Male) |
| 14:30 | Research | Fletching |
| 14:31 | Build | House |
| 14:43 | Queue | Villager (Male) |
| 14:51 | Build | Palisade Wall |
| 15:08 | Queue | Skirmisher |
| 15:09 | Queue | Villager (Male) |
| 15:10 | Queue | Villager (Male) |
| 15:22 | Queue | Villager (Male) |
| 15:31 | Build | House |
| 15:35 | Build | Palisade Wall |
| 15:40 | Build | Palisade Wall |
| 15:47 | Build | Farm |
| 15:49 | Queue | Villager (Male) |
| 15:54 | Build | Farm |
| 15:58 | Build | House |
| 16:01 | Build | Palisade Wall |
| 16:21 | Build | Market |
| 16:26 | Queue | Villager (Male) |
| 16:32 | Build | Farm |
| 16:36 | Queue | Skirmisher |
| 16:37 | Queue | Skirmisher |
| 16:43 | Queue | Spearman |
| 16:45 | Queue | Villager (Male) |
| 17:04 | Queue | Villager (Male) |
| 17:08 | Build | Farm |
| 17:12 | Build | Farm |
| 17:13 | Build | Farm |
| 17:16 | Build | Farm |
| 17:20 | Queue | Skirmisher |
| 17:21 | Queue | Villager (Male) |
| 17:39 | Queue | Villager (Male) |
| 17:43 | Queue | Skirmisher |
| 17:43 | Queue | Skirmisher |
| 17:53 | Build | House |
| 17:55 | Build | Palisade Wall |
| 17:58 | Build | Farm |
| 18:01 | Build | Farm |
| 18:06 | Queue | Villager (Male) |
| 18:12 | Build | Farm |
| 18:24 | Queue | Villager (Male) |
| 18:36 | Build | Farm |
| 18:38 | Research | Horse Collar |
| 20:21 | Research | Castle Age |
| 20:29 | Build | Stable |
| 20:40 | Queue | Skirmisher |
| 21:39 | Queue | Skirmisher |
| 21:39 | Queue | Skirmisher |
| 22:17 | Queue | Villager (Male) |
| 22:27 | Queue | Skirmisher |
| 23:01 | Age | Castle Age |
| 23:08 | Build | Town Center |
| 23:13 | Research | Elite Skirmisher (upgrade) |
| 23:16 | Research | Bodkin Arrow |
| 23:18 | Queue | Skirmisher |
| 23:18 | Queue | Skirmisher |
| 23:19 | Queue | Knight |
| 23:30 | Queue | Villager (Male) |
| 23:30 | Queue | Villager (Male) |
| 23:31 | Queue | Villager (Male) |
| 23:33 | Build | Palisade Wall |
| 23:34 | Research | Bow Saw |
| 24:08 | Queue | Skirmisher |
| 24:09 | Queue | Villager (Male) |
| 24:12 | Build | Monastery |
| 24:17 | Build | Stone Wall |
| 24:22 | Build | Stone Wall |
| 24:23 | Queue | Villager (Male) |
| 24:24 | Queue | Villager (Male) |
| 24:35 | Build | Siege Workshop |
| 24:36 | Queue | Villager (Male) |
| 24:42 | Queue | Villager (Male) |
| 24:45 | Queue | Villager (Male) |
| 24:46 | Queue | Villager (Male) |
| 24:48 | Queue | Monk |
| 24:49 | Queue | Monk |
| 24:50 | Queue | Villager (Male) |
| 24:50 | Queue | Villager (Male) |
| 25:05 | Queue | Skirmisher |
| 25:06 | Queue | Skirmisher |
| 25:07 | Queue | Villager (Male) |
| 25:10 | Queue | Monk |
| 25:16 | Build | Palisade Wall |
| 25:25 | Queue | Villager (Male) |
Match timeline
| 5:20 | scorpion145 · first_building Barracks |
| 5:50 | Jayklops · first_building Barracks |
| 8:12 | scorpion145 · wall_segment Palisade Wall x1 |
| 8:19 | scorpion145 · wall_segment Palisade Wall x1 |
| 8:19 | scorpion145 · wall_segment Palisade Wall x1 |
| 8:50 | Jayklops · age_up feudal |
| 8:58 | scorpion145 · age_up feudal |
| 9:46 | Jayklops · first_building Archery Range |
| 10:03 | Jayklops · wall_segment Palisade Wall x1 |
| 11:10 | scorpion145 · first_building Archery Range |
| 12:50 | scorpion145 · wall_segment Palisade Wall x1 |
| 12:51 | scorpion145 · wall_segment Palisade Wall x1 |
| 14:51 | scorpion145 · wall_segment Palisade Wall x3 |
| 15:35 | scorpion145 · wall_segment Palisade Wall x5 |
| 15:40 | scorpion145 · wall_segment Palisade Wall x7 |
| 16:01 | scorpion145 · wall_segment Palisade Wall x9 |
| 17:10 | Jayklops · wall_segment Palisade Wall x1 |
| 17:23 | Jayklops · wall_segment Palisade Wall x7 |
| 17:49 | Jayklops · wall_segment Palisade Wall x3 |
| 17:52 | Jayklops · wall_segment Palisade Wall x9 |
| 17:55 | scorpion145 · wall_segment Palisade Wall x2 |
| 18:42 | Jayklops · first_building Stable |
| 20:29 | scorpion145 · first_building Stable |
| 21:10 | Jayklops · age_up castle |
| 21:16 | Jayklops · first_building Siege Workshop |
| 21:37 | Jayklops · first_building Monastery |
| 21:50 | Jayklops · wall_segment Palisade Wall x1 |
| 21:51 | Jayklops · wall_segment Palisade Wall x1 |
| 21:59 | Jayklops · wall_segment Palisade Wall x5 |
| 22:11 | Jayklops · wall_segment Palisade Wall x13 |
| 22:17 | Jayklops · wall_segment Palisade Wall x7 |
| 23:01 | scorpion145 · age_up castle |
| 23:33 | scorpion145 · wall_segment Palisade Wall x1 |
| 24:12 | scorpion145 · first_building Monastery |
| 24:17 | scorpion145 · wall_segment Stone Wall x2 |
| 24:22 | scorpion145 · wall_segment Stone Wall x3 |
| 24:35 | scorpion145 · first_building Siege Workshop |
| 24:50 | Jayklops · first_market_sell 100 wood |
| 25:16 | scorpion145 · wall_segment Palisade Wall x1 |
| 26:22 | scorpion145 · wall_segment Stone Wall x3 |
| 26:25 | scorpion145 · wall_segment Stone Wall x4 |
| 26:31 | scorpion145 · wall_segment Stone Wall x2 |
| 26:33 | scorpion145 · wall_segment Stone Wall x1 |
| 26:34 | scorpion145 · wall_segment Stone Wall x1 |
| 27:50 | scorpion145 · wall_segment Stone Wall x1 |
| 27:50 | Jayklops · first_market_buy 100 wood |
| 29:00 | scorpion145 · resign |
[ AI ANALYSIS · 1 CREDIT ]
What really happened in this match?
Wolo.gg analyzes every decision: build order, eco, micro, common mistakes by bracket. Personalized analysis on WhatsApp or Discord in 30 seconds.
Civ guide
Lithuanians
Perfil
Jugador #782884